 Dungeon Crawl Stone Soup version 0.23-a0-151-gf6d1ed2 (webtiles) character file.

10504 RoseArtemis the Spear-Bearer (level 11, 0/89 HPs)
             Began as a Gnoll Berserker on Sept 7, 2018.
             Was a High Priest of Trog.
             Slain by a yak (13 damage)
             ... on level 10 of the Dungeon.
             The game lasted 00:39:06 (12025 turns).

RoseArtemis the Spear-Bearer (Gnoll Berserker)     Turns: 12025, Time: 00:39:06

Health: 0/89       AC: 10    Str: 25    XL:     11   Next: 63%
Magic:  6/6        EV: 15    Int: 16    God:    Trog [*****.]
Gold:   762        SH:  0    Dex: 14    Spells: 22/22 levels left

rFire    . . .     SeeInvis .   a - +7 war axe of the Scavenger {antimagic, MR- Int+6 Stlth+}
rCold    . . .     Gourm    .   (no shield)
rNeg     . . .     Faith    .   h - +0 scale mail
rPois    .         Spirit   .   I - +0 helmet
rElec    .         Reflect  .   O - scarf {cloud immunity}
rCorr    .         Harm     .   (no gloves)
MR       .....                  V - +0 pair of boots
Stlth    +++.......             (no amulet)
HPRegen  0.24/turn              f - +2 ring of strength
MPRegen  0.10/turn              w - ring of protection from magic

@: no status effects
A: distributed training, fangs 1, strong nose
a: Berserk, Trog's Hand, Brothers in Arms, Renounce Religion


You were on level 10 of the Dungeon.
You worshipped Trog.
Trog was extremely pleased with you.
You were hungry.

You visited 2 branches of the dungeon, and saw 11 of its levels.
You also visited: Ossuary.

You collected 762 gold pieces.

Inventory:

Hand Weapons
 a - the +7 war axe of the Scavenger (weapon) {antimagic, MR- Int+6 Stlth+}
   (You found it on level 5 of the Dungeon)

   It reduces the magical energy of the wielder, and disrupts the spells and
   magical abilities of those hit.
   Natural abilities and divine invocations are not affected.
   It affects your intelligence (+6).
   It affects your resistance to hostile enchantments.
   It makes you more stealthy.
 b - a +0 shortbow of velocity
 x - a +0 spear
 J - a +0 hunting sling
Missiles
 i - 296 stones (quivered)
 Q - a throwing net
 U - 88 arrows
Armour
 h - a +0 scale mail (worn)
 I - a +0 helmet (worn)
 O - a scarf of cloud immunity (worn)
 V - a +0 pair of boots (worn)
Jewellery
 f - a +2 ring of strength (left hand)
 w - a ring of protection from magic (right hand)
 M - a +3 ring of protection {unknown}
Wands
 d - a wand of digging (17)
 p - a wand of polymorph (13)
 B - a wand of scattershot (19)
 C - a wand of paralysis (14)
 F - a wand of random effects (36)
 S - a wand of acid (5)
Scrolls
 e - 3 scrolls of blinking
 k - 9 scrolls of teleportation
 n - 3 scrolls of enchant armour {unknown}
 o - a scroll of immolation {unknown}
 q - 3 scrolls of magic mapping
 s - a scroll of random uselessness {unknown}
 u - 9 scrolls of remove curse
 y - 2 scrolls of fear {unknown}
 z - a scroll of enchant weapon {unknown}
 D - 3 scrolls of amnesia {unknown}
 N - 2 scrolls of fog {unknown}
Potions
 j - 5 potions of curing
 l - 2 potions of ambrosia
 m - 4 potions of mutation
 r - a potion of brilliance {unknown}
 t - 4 potions of flight
 v - 3 potions of magic
 A - 2 potions of agility
 E - a potion of lignification {unknown}
 G - a potion of might {unknown}
 H - 2 potions of cancellation {unknown}
 K - a potion of heal wounds {unknown}
 L - 2 potions of haste {unknown}
 P - a potion of resistance
Comestibles
 c - 22 rations


   Skills:
 + Level 9.2 Fighting
 + Level 6.3 Short Blades
 + Level 6.3 Long Blades
 + Level 6.3 Axes
 + Level 6.3 Maces & Flails
 + Level 9.2 Polearms
 + Level 6.3 Staves
 + Level 6.3 Slings
 + Level 6.3 Bows
 + Level 6.3 Crossbows
 + Level 6.3 Throwing
 + Level 7.9 Armour
 + Level 7.9 Dodging
 + Level 6.3 Stealth
 + Level 6.3 Shields
 + Level 6.3 Unarmed Combat
 + Level 6.3 Spellcasting
 + Level 5.2 Conjurations
 + Level 5.2 Hexes
 + Level 5.2 Charms
 + Level 5.2 Summonings
 + Level 5.2 Necromancy
 + Level 5.2 Translocations
 + Level 5.2 Transmutations
 + Level 5.2 Fire Magic
 + Level 5.2 Ice Magic
 + Level 5.2 Air Magic
 + Level 5.2 Earth Magic
 + Level 5.2 Poison Magic
 + Level 7.0 Invocations
 + Level 6.3 Evocations


You had 22 spell levels left.
You didn't know any spells.
Your spell library was empty.

Dungeon Overview and Level Annotations

Branches:
Dungeon (10/15)            Temple (1/1) D:5            Lair (0/6) D:8
    Orc (0/2) D:10

Altars:
Ashenzari
Cheibriados
Dithmenos
Elyvilon
Fedhas
Gozag
Hepliaklqana
Kikubaaqudgha
Makhleb
Nemelex Xobeh
Okawaru
Qazlal
Ru
Sif Muna
Trog
Uskayaw
Vehumet
Wu Jian
Xom
Yredelemnul
Zin
The Shining One
Beogh

Shops:
D:4 :

Annotations:
D:6 2 transporters, galech's ghost, novice DsFi
D:7 2 runed doors, biddum's ghost, novice DsFi


Innate Abilities, Weirdness & Mutations

Your experience applies equally to all skills.
You have very sharp teeth.
Your uncanny sense of smell can sniff out nearby items.


Message History

The orc wizard mumbles some strange words.
The orc wizard blinks!
The yak barely misses you.
You completely miss the yak.
The yak is lightly wounded.
You hit the yak but do no damage.
You feel sick. The yak gores you. x2
The hound barks!
You hear a shout! x2
You feel better. The yak closely misses you. The yak gores you.
The orc priest looks braver for a moment.
You hit the yak. You bite the yak.
The yak is heavily wounded.
You barely miss the yak. You closely miss the orc. The yak barely misses you.
The yak gores you. The yak gores you!
* * * LOW HITPOINT WARNING * * *
The orc priest invokes the aid of Beogh against you.
Beogh smites you!
* * * LOW HITPOINT WARNING * * *
You barely miss the yak. You punch the yak.
The yak is severely wounded.
The yak gores you!
You die...

.........##..#....8##..(8..
.........###.....(.8#....o.
.........# ###.>...((....._
########## #...).8#......
#.oho8##..o8.. #..o8##
o.... ##Yo## ... ##Y# ..
#@########## # #..........#
############# #...>......#
............####..........#
###########...............#
######..........#
############


You could see 2 yaks, a hound, an orc priest, an orc wizard and 2 orcs.

Vanquished Creatures
  Erolcha (D:9)
  Harold (D:8)
  2 two-headed ogres
  Pikel (D:6)
  A gargoyle (D:10)
  A komodo dragon (D:10)
  Prince Ribbit (D:8)
  Sigmund (D:3)
  8 yaks
  A wyvern (D:8)
  2 hungry ghosts
  An orc warrior (D:10)
  2 sky beasts
  A slave (D:6)
  4 ogres
  3 necrophages
  5 phantoms
  2 centaurs
  7 bullfrogs
  Blork the orc (D:5)
  A gnoll sergeant (D:7)
  12 scorpions
  6 killer bees (D:8)
  4 wights (D:9)
  4 crimson imps
  2 bullfrog skeletons
  6 centaur zombies
  A quasit (D:9)
  2 bullfrog zombies
  A human zombie (Ossuary)
  7 orc priests
  4 hounds
  2 centaur skeletons
  2 iguanas
  13 orc wizards
  5 worker ants
  A hound skeleton (D:5)
  4 mummies
  2 worker ant zombies (D:6)
  4 gnolls (D:7)
  10 adders
  4 scorpion zombies (Ossuary)
  2 shadow imps
  2 adder skeletons
  4 worms
  3 dart slugs
  8 leopard geckos
  34 orcs
  5 giant cockroaches
  3 gnoll zombies (Ossuary)
  5 goblins
  11 hobgoblins
  14 jackals
  3 quokkas
  7 bats
  5 frilled lizards
  A goblin zombie (Ossuary)
  5 hobgoblin zombies
  6 kobolds
  4 kobold zombies
  A leopard gecko skeleton (D:7)
  A leopard gecko zombie (D:5)
  2 orc zombies (Ossuary)
  A quokka skeleton (D:4)
  A quokka zombie (D:7)
  8 rats
  3 bushes (D:6)
282 creatures vanquished.

Vanquished Creatures (others)
  2 slaves (D:6)
  A necrophage (D:6)
  A bush (D:6)
  7 plants (D:6)
11 creatures vanquished.

Grand Total: 293 creatures vanquished

Notes
Turn   | Place    | Note
-------+----------+-------------------------------------------
     0 | D:1      | RoseArtemis the Gnoll Berserker began the quest for the
                  | Orb.
     0 | D:1      | Reached XP level 1. HP: 23/23 MP: 1/1
   255 | D:1      | Reached XP level 2. HP: 29/29 MP: 2/2
   803 | D:1      | Reached ** piety under Trog
   803 | D:1      | Reached XP level 3. HP: 31/35 MP: 3/3
  1072 | D:2      | Found a faded altar of an unknown god.
  1088 | D:2      | Reached skill level 1 in Invocations
  1216 | D:2      | Reached skill level 1 in Short Blades
  1216 | D:2      | Reached skill level 1 in Long Blades
  1216 | D:2      | Reached skill level 1 in Axes
  1216 | D:2      | Reached skill level 1 in Maces & Flails
  1216 | D:2      | Reached skill level 1 in Staves
  1216 | D:2      | Reached skill level 1 in Slings
  1216 | D:2      | Reached skill level 1 in Bows
  1216 | D:2      | Reached skill level 1 in Crossbows
  1216 | D:2      | Reached skill level 1 in Throwing
  1216 | D:2      | Reached skill level 1 in Stealth
  1216 | D:2      | Reached skill level 1 in Shields
  1216 | D:2      | Reached skill level 1 in Unarmed Combat
  1216 | D:2      | Reached skill level 1 in Spellcasting
  1216 | D:2      | Reached skill level 1 in Evocations
  1353 | D:2      | Reached XP level 4. HP: 41/41 MP: 5/5
  2070 | D:3      | Reached skill level 1 in Conjurations
  2070 | D:3      | Reached skill level 1 in Hexes
  2070 | D:3      | Reached skill level 1 in Charms
  2070 | D:3      | Reached skill level 1 in Summonings
  2070 | D:3      | Reached skill level 1 in Necromancy
  2070 | D:3      | Reached skill level 1 in Translocations
  2070 | D:3      | Reached skill level 1 in Transmutations
  2070 | D:3      | Reached skill level 1 in Fire Magic
  2070 | D:3      | Reached skill level 1 in Ice Magic
  2070 | D:3      | Reached skill level 1 in Air Magic
  2070 | D:3      | Reached skill level 1 in Earth Magic
  2070 | D:3      | Reached skill level 1 in Poison Magic
  2171 | D:3      | Reached XP level 5. HP: 47/47 MP: 6/6
  2300 | D:3      | Noticed Sigmund
  2317 | D:3      | Killed Sigmund
  2317 | D:3      | Reached skill level 5 in Armour
  2317 | D:3      | Reached skill level 5 in Dodging
  2317 | D:3      | Reached XP level 6. HP: 53/53 MP: 8/8
  2540 | D:3      | Reached *** piety under Trog
  3006 | D:4      | Found Cize's Book Emporium.
  3023 | D:4      | Reached XP level 7. HP: 59/59 MP: 10/10
  3192 | D:4      | Got an encrusted quarterstaff
  3193 | D:4      | Identified the +0 quarterstaff of Hacking and Slashing
                  | {crush, rElec rPois rF- Dex+4} (You found it on level 4 of
                  | the Dungeon)
  3507 | D:5      | Entered Level 5 of the Dungeon
  3507 | D:5      | Noticed Blork the orc
  3545 | D:5      | Got an encrusted war axe
  3548 | D:5      | Identified the +7 war axe of the Scavenger {antimagic, MR-
                  | Int+6 Stlth+} (You found it on level 5 of the Dungeon)
  4330 | D:5      | Reached XP level 8. HP: 67/67 MP: 4/12
  4392 | D:5      | Found a staircase to the Ecumenical Temple.
  4408 | Temple   | Entered the Ecumenical Temple
  5093 | D:5      | Killed Blork the orc
  5611 | D:5      | Found a staircase to the Ecumenical Temple.
  5885 | D:6      | Found a blossoming altar of Fedhas.
  5906 | D:6      | Noticed Pikel
  5918 | D:6      | Killed Pikel
  6188 | D:6      | Noticed a shadow
  6192 | D:6      | Found a transporter.
  6201 | D:6      | Found a transporter.
  6203 | D:6      | Noticed galech's ghost (novice DsFi)
  6368 | D:6      | Found a sparkling altar of Nemelex Xobeh.
  6484 | D:6      | Reached **** piety under Trog
  6485 | D:6      | Reached XP level 9. HP: 72/72 MP: 4/14
  6795 | D:7      | Found a large runed door.
  6796 | D:7      | Found a large runed door.
  6815 | D:7      | Noticed biddum's ghost (novice DsFi)
  7932 | D:8      | Noticed a two-headed ogre
  7968 | D:8      | Reached skill level 5 in Invocations
  8074 | D:8      | Killed a two-headed ogre
  8074 | D:8      | Reached XP level 10. HP: 8/80 MP: 5/17
  8092 | D:8      | Received a gift from Trog
  8131 | D:8      | Found a sand-covered staircase.
  8140 | Ossuary  | Entered an ossuary
  8481 | Ossuary  | Reached skill level 5 in Short Blades
  8481 | Ossuary  | Reached skill level 5 in Long Blades
  8481 | Ossuary  | Reached skill level 5 in Axes
  8481 | Ossuary  | Reached skill level 5 in Maces & Flails
  8481 | Ossuary  | Reached skill level 5 in Staves
  8481 | Ossuary  | Reached skill level 5 in Slings
  8481 | Ossuary  | Reached skill level 5 in Bows
  8481 | Ossuary  | Reached skill level 5 in Crossbows
  8481 | Ossuary  | Reached skill level 5 in Throwing
  8481 | Ossuary  | Reached skill level 5 in Stealth
  8481 | Ossuary  | Reached skill level 5 in Shields
  8481 | Ossuary  | Reached skill level 5 in Unarmed Combat
  8481 | Ossuary  | Reached skill level 5 in Spellcasting
  8481 | Ossuary  | Reached skill level 5 in Evocations
  8595 | Ossuary  | Got a coiled tin ring
  8607 | Ossuary  | Identified the ring "Cazuschae" {rN+ Str+5 Dex+6 Stlth-}
                  | (You found it in an ossuary)
  8666 | Ossuary  | Reached ***** piety under Trog
  8919 | D:8      | Noticed Prince Ribbit
  8920 | D:8      | Noticed Harold
  8943 | D:8      | Killed Harold
  9355 | D:8      | Killed Prince Ribbit
  9675 | D:8      | Found a staircase to the Lair.
  9817 | D:9      | Noticed Erolcha
  9910 | D:9      | Killed Erolcha
  9910 | D:9      | Reached XP level 11. HP: 82/87 MP: 6/19
  9940 | D:9      | Received a gift from Trog
 10396 | D:9      | Reached skill level 5 in Conjurations
 10396 | D:9      | Reached skill level 5 in Hexes
 10396 | D:9      | Reached skill level 5 in Charms
 10396 | D:9      | Reached skill level 5 in Summonings
 10396 | D:9      | Reached skill level 5 in Necromancy
 10396 | D:9      | Reached skill level 5 in Translocations
 10396 | D:9      | Reached skill level 5 in Transmutations
 10396 | D:9      | Reached skill level 5 in Fire Magic
 10396 | D:9      | Reached skill level 5 in Ice Magic
 10396 | D:9      | Reached skill level 5 in Air Magic
 10396 | D:9      | Reached skill level 5 in Earth Magic
 10396 | D:9      | Reached skill level 5 in Poison Magic
 10881 | D:10     | Entered Level 10 of the Dungeon
 11094 | D:10     | Found a staircase to the Orcish Mines.
 11135 | D:10     | Found a roughly hewn altar of Beogh.
 11135 | D:10     | Noticed a two-headed ogre
 11154 | D:10     | Killed a two-headed ogre
 12012 | D:10     | Received a gift from Trog
 12025 | D:10     | Slain by a yak

Vault maps used:
D:1:      dpeg_arrival_radiant, serial_bayou_pond_e
D:2:      chequers_ecumenical_altar_simple, kennysheep_generic_room_10
D:3:      first_ration, lemuel_old_faithful, uniq_sigmund
D:4:      serial_shops, kennysheep_mini_moat
D:5:      minmay_temple_entry_glassed_door, minmay_mini_ossuary,
          uniq_blork_the_orc
D:6:      fedhas_altar_decomposition, serial_glass, glass_columns_b,
          glass_columns_a, gammafunk_ghost_arena, nemelex_spade_bored_becter,
          uniq_pikel
D:7:      ebering_ghost_disaster_area
D:8:      lair_entry_dummy, nicolae_ossuary_entry_ruins, uniq_harold,
          uniq_prince_ribbit1
D:9:      uniq_erolcha
D:10:     minmay_orc_entry_temple_large
Temple:   roderic_octagonal_lattice_temple
Ossuary:  ossuary_minmay_scorpions

Skill      XL: |  1  2  3  4  5  6  7  8  9 10 11 |
---------------+----------------------------------+-----
Invocations    | 1 2 3 4 5 6 7 |  7.0
Short Blades   | 1 2 3 4 5 6 |  6.3
Long Blades    | 1 2 3 4 5 6 |  6.3
Axes           | 1 2 3 4 5 6 |  6.3
Maces & Flails | 1 2 3 4 5 6 |  6.3
Staves         | 1 2 3 4 5 6 |  6.3
Slings         | 1 2 3 4 5 6 |  6.3
Bows           | 1 2 3 4 5 6 |  6.3
Crossbows      | 1 2 3 4 5 6 |  6.3
Throwing       | 1 2 3 4 5 6 |  6.3
Stealth        | 1 2 3 4 5 6 |  6.3
Shields        | 1 2 3 4 5 6 |  6.3
Unarmed Combat | 1 2 3 4 5 6 |  6.3
Spellcasting   | 1 2 3 4 5 6 |  6.3
Evocations     | 1 2 3 4 5 6 |  6.3
Conjurations   | 1 2 3 4 5 |  5.2
Hexes          | 1 2 3 4 5 |  5.2
Charms         | 1 2 3 4 5 |  5.2
Summonings     | 1 2 3 4 5 |  5.2
Necromancy     | 1 2 3 4 5 |  5.2
Translocations | 1 2 3 4 5 |  5.2
Transmutations | 1 2 3 4 5 |  5.2
Fire Magic     | 1 2 3 4 5 |  5.2
Ice Magic      | 1 2 3 4 5 |  5.2
Air Magic      | 1 2 3 4 5 |  5.2
Earth Magic    | 1 2 3 4 5 |  5.2
Poison Magic   | 1 2 3 4 5 |  5.2
Armour         | 5 6 7 |  7.9
Dodging        | 5 6 7 |  7.9
Fighting       | 7 8 9 |  9.2
Polearms       | 7 8 9 |  9.2

Action                   |  1- 3 |  4- 6 |  7- 9 | 10-12 || total
-------------------------+-------+-------+-------+-------++-------
Melee: Spear             |    88 |   165 |    11 |       ||   264
       Bite              |    12 |    17 |    26 |    37 ||    92
       Punch             |       |     1 |     4 |     9 ||    14
       War axe           |       |       |   222 |   289 ||   511
       Quarterstaff      |       |       |     7 |       ||     7
 Fire: Hunting sling     |       |    19 |       |       ||    19
       Shortbow          |       |       |       |    22 ||    22
Throw: Throwing net      |       |       |     1 |     1 ||     2
Invok: Berserk           |     1 |     2 |     4 |     7 ||    14
       Trog's Hand       |       |     1 |     1 |     2 ||     4
  Use: Scroll            |       |     5 |     7 |     8 ||    20
       Potion            |       |       |     2 |     3 ||     5
 Stab: Sleeping          |     3 |     2 |       |       ||     5
       Distracted        |       |       |       |     2 ||     2
  Eat: Chunk             |     2 |     8 |    12 |    18 ||    40
       Ration            |       |       |     2 |     1 ||     3
Armor: Leather armour    |     4 |    18 |       |       ||    22
       Animal skin       |     1 |       |       |       ||     1
       Chain mail        |       |     8 |   112 |    97 ||   217
       Scale mail        |       |       |       |    10 ||    10
Dodge: Dodged            |    37 |    88 |   163 |   197 ||   485

Table legend:
 A = Non-vault XP
 B = Vault XP
 C = Vault XP percentage of total XP
 D = Non-vault monster count
 E = Vault monster count
 F = Vault count percentage of total count
                 A         B        C        D         E       F
            +---------+---------+-------+---------+---------+-------
      Total |   10172 |    4835 |  32.2 |     220 |      58 |  20.9
            +---------+---------+-------+---------+---------+-------
        D:1 |      35 |       0 |   0.0 |      20 |       0 |   0.0
        D:2 |      67 |       2 |   2.9 |      22 |       1 |   4.3
        D:3 |     187 |     227 |  54.8 |      26 |       1 |   3.7
        D:4 |     159 |       0 |   0.0 |      13 |       0 |   0.0
        D:5 |     542 |     116 |  17.6 |      17 |       6 |  26.1
        D:6 |     371 |     923 |  71.3 |      16 |       6 |  27.3
        D:7 |    1075 |       0 |   0.0 |      23 |       0 |   0.0
        D:8 |    2836 |    1251 |  30.6 |      30 |       2 |   6.2
        D:9 |    2121 |    1018 |  32.4 |      31 |       1 |   3.1
       D:10 |    2779 |     261 |   8.6 |      22 |       8 |  26.7
    Ossuary |       0 |    1037 | 100.0 |       0 |      33 | 100.0
            +---------+---------+-------+---------+---------+-------
